AoeStats
← Dunielh

Arabia

503140724Analyzed
1v1 RM · 1mo ago on Aug 30, 2026· 35m 49s· 2 players
Game mode
Random Map
Map size
Tiny (2 player)
Population
200
Speed
Normal
Resources
Standard
Victory
Conquest
Starting age
Dark Age
Ending age
Imperial Age
RankedLock teamsTeams togetherTeam positionsShared explorationLock speedFull tech treeHidden civsTurbo modeCheats
Victory
Defeat
🇮🇳 Mongols · India
939
+15
🇨🇱 Wei · Chile
924
-15
Dunielh
0:26 Loom
9:45 Feudal Age
10:06 Horse Collar
10:13 Double-Bit Axe
19:57 Wheelbarrow
20:17 Fletching
20:40 Forging
23:04 Castle Age
21:13 Gold Mining
25:06 Bodkin Arrow
AKASH-KAILAS
10:28 Loom
12:37 Feudal Age
18:13 Castle Age
16:57 Fletching
17:30 Padded Archer Armor
19:32 Scale Barding Armor
22:14 Bodkin Arrow
23:39 Double-Bit Axe
26:18 Leather Archer Armor
34:13 Imperial Age
35:24 Bracer
Connection lost

Rejoining the realm…

Still unreachable

The connection could not be restored.

Session expired

The server has moved on; the page needs a fresh start.